 Dungeon Crawl Stone Soup version 0.31.0-11-ge490571c62 (webtiles) character file.

Game seed: 5631895718083335054

58 qw the Shooter (level 3, -5/20 HPs)
             Began as a Deep Elf Hunter on Feb 4, 2024.
             Slain by a goblin
             ... wielding a +0 club
             ... led by Robin
              (6 damage)
             ... on level 2 of the Dungeon.
             The game lasted 00:00:03 (854 turns).

qw the Shooter (Deep Elf Hunter)                     Turns: 854, Time: 00:00:04

Health: -5/20      AC:  6    Str: 10    XL:     3   Next: 76%
Magic:  5/5        EV: 12    Int: 13    God:
Gold:   50         SH:  0    Dex: 18    Spells: 2/2 levels left

rFire   . . .        a - +0 shortbow
rCold   . . .        (shield currently unavailable)
rNeg    . . .        g - +2 leather armour {Will+}
rPois   .            (no helmet)
rElec   .            (no cloak)
rCorr   .            (no gloves)
SInv    .            k - +0 pair of boots
Will    +....        (no amulet)
Stlth   ++           (no ring)
HPRegen 0.23/turn    (no ring)
MPRegen 0.09/turn

%: no passive effects
@: lethally poisoned (-5 -> -11)
A: no striking features
a: no special abilities


You were on level 2 of the Dungeon.
You visited 1 branch of the dungeon, and saw 2 of its levels.

You collected 50 gold pieces.


   Skills:
 - Level 1.5 Fighting
 + Level 7.2 Ranged Weapons
 - Level 2.4 Dodging
 - Level 1.2 Stealth


You had 2 spell levels left.
You didn't know any spells.
Your spell library was empty.

Inventory:

Hand Weapons
 a - a +0 shortbow (weapon)
Armour
 g - a +2 leather armour of willpower (worn)
 k - a +0 pair of boots (worn)
Potions
 f - 4 potions of haste
 j - a potion of curing

Dungeon Overview and Level Annotations

Branches:
Dungeon (2/15)

Altars:

Annotations:
D:2 Robin


Message History

You shoot an arrow. The arrow hits Robin.
Robin is moderately wounded.
Robin closely misses you.
You shoot an arrow.
The arrow hits Robin but does no damage.
Robin is moderately wounded.
A goblin comes into view. It is wielding a +0 club.
Robin hits you from afar with a +4 spear of venom.
You are poisoned.
You shoot an arrow. The arrow misses the goblin.
The goblin shouts!
You feel very sick.
You hear a shout!
The goblin no longer looks unusually strong.
The goblin hits you but does no damage. Robin throws the goblin at you!
The hobgoblin barely misses you.
You shoot an arrow. The arrow hits the goblin.
The goblin is severely wounded.
You feel sick. The goblin barely misses you.
The goblin hits you with a +0 club.
The hobgoblin hits you but does no damage.
Robin throws the goblin at you! The goblin hits you but does no damage.
The goblin barely misses you. The goblin closely misses you.
Robin hits you but does no damage.
You are lethally poisoned!
The hobgoblin barely misses you.
You shoot an arrow. The arrow barely misses the goblin.
You feel very sick.
The goblin no longer looks unusually strong.
The hobgoblin no longer looks unusually strong.
The goblin barely misses you. The hobgoblin closely misses you.
The goblin barely misses you. The goblin closely misses you.
Robin completely misses you.
You shoot an arrow. The arrow hits the goblin.
You kill the goblin!
You feel very sick. The goblin hits you with a +0 club.
The hobgoblin closely misses you.
Robin roars a battlecry!
The goblins go into a battle-frenzy!
The goblin hits you with a +0 club.
You die...

#...## ### ... # #....#
gg ...##. #.##.######## g
......#............ . .
#.# #.####.######## ..##.
#.###......#
....)##.g####...#########
......%g................
#..)#@###...#########
#Bgg)##...# ##........#
#....#...# #..#.....#
#...#....# ##......##
#.#.#.... #.#.....##


You could see Robin, a giant cockroach, a hobgoblin (strong) and 2 goblins.

Vanquished Creatures
  A dart slug (D:1)
  3 ball pythons
  2 bats (D:1)
  7 endoplasms (D:1)
  A giant cockroach (D:2)
  13 goblins
  4 hobgoblins
  7 jackals (D:1)
  5 kobolds (D:1)
  4 frilled lizards (D:1)
  A rat (D:1)
48 creatures vanquished.

Notes
Turn   | Place    | Note
-------+----------+-------------------------------------------
     0 | D:1      | qw the Deep Elf Hunter began the quest for the Orb.
     0 | D:1      | Reached XP level 1. HP: 12/12 MP: 3/3
     0 | D:1      | 0 ||| qw: Version: 0.3-a-160-g6735b56
     0 | D:1      | 0 ||| qw: Game counter: 4395
     0 | D:1      | 0 ||| qw: Melee chars always use a shield: true
     0 | D:1      | 0 ||| qw: God list: Okawaru
     0 | D:1      | 0 ||| qw: Allow faded altars: false
     0 | D:1      | 0 ||| qw: Do Orc after clearing Dungeon:15 true
     0 | D:1      | 0 ||| qw: Do second Lair branch before Depths: true
     0 | D:1      | 0 ||| qw: Lair rune preference: random
     0 | D:1      | 0 ||| qw: Goals: Normal
     0 | D:1      | 0 ||| PLANNING D:1-11
    54 | D:1      | Reached skill level 6 in Ranged Weapons
    54 | D:1      | Reached XP level 2. HP: 16/16 MP: 4/4
   333 | D:1      | Reached XP level 3. HP: 20/20 MP: 5/5
   516 | D:1      | Found a faded altar of an unknown god.
   713 | D:1      | 713 ||| UPGRADING to +2 leather armour of willpower.
   723 | D:1      | 723 ||| DROPPING +0 leather armour.
   724 | D:1      | 724 ||| UPGRADING to +0 pair of boots.
   729 | D:1      | 729 ||| READING scroll labelled CAONTU QIUNK.
   730 | D:1      | 730 ||| READING 2 scrolls labelled GAUNAI PIDATEMN.
   730 | D:1      | 730 ||| IDENTIFYING amethyst potion
   731 | D:1      | 731 ||| READING scroll of identify.
   731 | D:1      | 731 ||| IDENTIFYING 4 puce potions
   732 | D:1      | 732 ||| READING scroll labelled CIUBEI APNA.
   733 | D:1      | 733 ||| READING 2 scrolls labelled QOYTYT UWEKHLU.
   734 | D:1      | 734 ||| DROPPING scroll of butterflies.
   735 | D:1      | 735 ||| DROPPING scroll of amnesia.
   783 | D:2      | Reached skill level 7 in Ranged Weapons
   834 | D:2      | Noticed Robin
   837 | D:2      | 837 ||| FLEEEEING.
   839 | D:2      | 839 ||| FLEEEEING.
   854 | D:2      | HP: 3/20 [poisoned by Robin]
   854 | D:2      | HP: 1/20 [goblin/+0 club[Robin] (2)]
   854 | D:2      | Slain by a goblin

Levels and vault maps discovered:
D:1:      dpeg_arrival_houses_and_road, layout_loops_cross,
          hellmonk_ecumenical_altar_zigzags, minmay_tromino_i4
D:2:      layout_basic, uniq_robin

Skill      XL: |  1  2  3 |
---------------+----------+-----
Ranged Weapons | 6 7 |  7.2
Fighting       | |  1.5
Dodging        | |  2.4
Stealth        | |  1.2

Action                     || total
---------------------------++-------
   Fire: Shortbow          ||   109
    Use: Scroll            ||     5
 Armour: Leather armour    ||    25
  Dodge: Dodged            ||    33

Table legend:
 A = Non-vault XP
 B = Vault XP
 C = Vault XP percentage of total XP
 D = Non-vault monster count
 E = Vault monster count
 F = Vault count percentage of total count
                 A         B        C        D         E       F
            +---------+---------+-------+---------+---------+-------
      Total |      65 |      21 |  24.4 |      37 |      11 |  22.9
            +---------+---------+-------+---------+---------+-------
        D:1 |      58 |       3 |   4.9 |      33 |       2 |   5.7
        D:2 |       7 |      18 |  72.0 |       4 |       9 |  69.2
            +---------+---------+-------+---------+---------+-------
